 Dungeon Crawl Stone Soup version 0.23.2 (webtiles) character file.

Game seed: 15389029178479803827

1859 Borgoz the Skirmisher (level 9, -2/54 HPs)
             Began as a Gargoyle Gladiator on Apr 9, 2019.
             Slain by an ogre
             ... wielding a +0 giant club
              (20 damage)
             ... on level 6 of the Dungeon.
             The game lasted 00:09:51 (5637 turns).

Borgoz the Skirmisher (Gargoyle Gladiator)          Turns: 5637, Time: 00:09:52

Health: -2/54      AC: 17    Str: 22    XL:     9   Next: 13%
Magic:  0/4        EV: 12    Int: 10    God:
Gold:   380        SH:  0    Dex: 16    Spells: 14/14 levels left

rFire    . . .     SeeInvis .   b - +6 whip "Attoaru" {antimagic, rC- rN+ Str+5 Dex+2}
rCold    x . .     Gourm    .   (no shield)
rNeg     + + .     Faith    .   m - +0 scale mail
rPois    ∞         Spirit   +   c - +0 helmet
rElec    +         Reflect  .   g - scarf {repulsion}
rCorr    .         Harm     .   (no gloves)
MR       .....                  k - +2 pair of boots
Stlth    ++........             x - amulet of guardian spirit
HPRegen  0.18/turn              (no ring)
MPRegen  0.09/turn              (no ring)

@: repel missiles
A: negative energy resistance 1, electricity resistance, unbreathing,
petrification resistance, rot immunity, AC +6
a: no special abilities


You were on level 6 of the Dungeon.
You were not hungry.

You visited 2 branches of the dungeon, and saw 7 of its levels.

You collected 380 gold pieces.

Inventory:

Hand Weapons
 a - a +4 rapier
 b - the +6 whip "Attoaru" (weapon) {antimagic, rC- rN+ Str+5 Dex+2}
   (You found it on level 4 of the Dungeon)

   It reduces the magical energy of the wielder, and disrupts the spells and
   magical abilities of those hit.
   Natural abilities and divine invocations are not affected.
   It affects your strength (+5).
   It affects your dexterity (+2).
   It makes you vulnerable to cold.
   It protects you from negative energy.
Missiles
 i - 2 exploding tomahawks (quivered)
 D - 6 tomahawks
Armour
 c - a +0 helmet (worn)
 g - a scarf of repulsion (worn)
 k - a +2 pair of boots (worn)
 m - a +0 scale mail (worn)
Jewellery
 x - an amulet of guardian spirit (around neck)
 A - an uncursed ring of ice {unknown}
Wands
 p - a wand of random effects (23)
 q - a wand of acid (8)
Scrolls
 d - a scroll of fear
 e - a scroll of amnesia
 j - a scroll of magic mapping {unknown}
 n - a scroll of random uselessness {unknown}
 r - 4 scrolls of teleportation
 v - 2 scrolls of fog
 y - 2 scrolls of remove curse
 z - a scroll of blinking {unknown}
 B - a scroll of holy word {unknown}
 C - a scroll of immolation {unknown}
Potions
 h - a potion of flight {unknown}
 l - a potion of curing
 o - a potion of agility {unknown}
 s - 2 potions of berserk rage
 t - a potion of might
 u - a potion of ambrosia
 w - a potion of resistance {unknown}
 E - a potion of heal wounds {unknown}
Comestibles
 f - 12 rations


   Skills:
 + Level 5.0 Fighting
 + Level 4.6 Short Blades
 + Level 3.8 Throwing
 + Level 4.3 Armour
 + Level 4.3 Dodging
 + Level 4.9 Stealth
 + Level 3.2 Spellcasting
 + Level 3.1 Evocations


You had 14 spell levels left.
You didn't know any spells.
Your spell library contained the following spells:

 Spells                   Type           Power        Failure   Level  Hunger
 Animate Skeleton         Necr           N/A          56%         1    #......
 Pain                     Necr           #...         56%         1    #......
 Regeneration             Chrm/Necr      #.........   91%         3    ###....
 Vampiric Draining        Necr           #.........   91%         3    ###....
 Animate Dead             Necr           N/A          100%        4    #####..


Dungeon Overview and Level Annotations

Branches:
Dungeon (6/15)             Temple (1/1) D:6

Altars:
Cheibriados
Elyvilon
Fedhas
Gozag
Hepliaklqana
Kikubaaqudgha
Makhleb
Nemelex Xobeh
Okawaru
Qazlal
Ru
Sif Muna
Trog
Uskayaw
Vehumet
Wu Jian
Xom
Yredelemnul
The Shining One


Innate Abilities, Weirdness & Mutations

You are resistant to torment.
Your stone body is resilient. (AC +6)
You are immune to poison.
You resist negative energy. (rN+)
You are resistant to electric shocks. (rElec)
You can survive without breathing.
You are immune to petrification.
You are immune to rotting.


Message History

The centaur hits you. The centaur completely misses you.
The ogre hits you with a +0 giant club! The centaur hits you.
The crimson imp hits you but does no damage.
You are too injured to fight recklessly!
You are too injured to fight recklessly!
You are too injured to fight recklessly!
You are too injured to fight recklessly!
Unknown command.
You are too injured to fight recklessly!
You barely miss the ogre.
The ogre is almost dead.
The centaur completely misses you. The ogre closely misses you.
The centaur hits you.
The crimson imp hits you but does no damage.
Your scale mail prevents you from hitting the ogre.
The ogre is almost dead.
The centaur closely misses you.
The centaur hits you but does no damage.
The ogre hits you with a +0 giant club!!
You die...

.#.#....#....#.#....#...#.#
#.##
##.###################..#.#
##.# (##.##
##.###...###.##..#.# #.#
####.###.#.#.###...#.#..#.#
#.# .####...###.##
#####(#..#.# #.# #.##.####
##.# ##(##..#.# #.# ##..##
#.. ##.###.(#.# ##'# ####
########(### #.# #...
......c@...# #.####...
≈≈≈≈≈≈5O≈≈≈≈# #....#...
≈≈≈≈≈≈≈≈≈≈≈≈# ####.#...
...........##..####.#...
#############.......'...
#.#######... .(....'...
#######... ####


You could see an ogre, a centaur and a crimson imp.

Vanquished Creatures
  Grum (D:5)
  A sky beast (D:5)
  2 wolves (D:5)
  4 ogres
  A centaur (D:6)
  Blork the orc (D:4)
  2 gnoll sergeants (D:5)
  A scorpion (D:6)
  A centaur zombie (D:5)
  10 hounds
  A jelly (D:6)
  3 gnoll shamans (D:5)
  Terence (D:2)
  2 orc wizards (D:4)
  A hound skeleton (D:5)
  6 adders
  14 gnolls
  2 oozes
  An adder skeleton (D:6)
  A worm (D:5)
  A dart slug (D:1)
  A leopard gecko (D:6)
  7 orcs
  4 giant cockroaches
  7 goblins
  6 hobgoblins
  6 jackals
  2 quokkas
  3 ball pythons
  6 bats
  A frilled lizard (D:1)
  5 kobolds
  A leopard gecko skeleton (D:6)
  A quokka skeleton (D:6)
  6 rats
113 creatures vanquished.

Vanquished Creatures (others)
  A human (D:3)
1 creature vanquished.

Grand Total: 114 creatures vanquished

Notes
Turn   | Place    | Note
-------+----------+-------------------------------------------
     0 | D:1      | Borgoz the Gargoyle Gladiator began the quest for the Orb.
     0 | D:1      | Reached XP level 1. HP: 12/12 MP: 1/1
   139 | D:1      | Reached XP level 2. HP: 16/18 MP: 2/2
   595 | D:1      | Reached skill level 1 in Stealth
   704 | D:1      | Reached skill level 1 in Armour
   704 | D:1      | Reached XP level 3. HP: 22/22 MP: 3/3
  1076 | D:2      | Noticed Terence
  1104 | D:2      | Killed Terence
  1104 | D:2      | Reached XP level 4. HP: 22/27 MP: 4/4
  1182 | D:2      | Found an ornate altar of the Wu Jian Council.
  1268 | D:2      | Found a hazy altar of Hepliaklqana.
  1968 | D:3      | Found an ancient bone altar of Kikubaaqudgha.
  2032 | D:3      | Reached skill level 3 in Fighting
  2045 | D:3      | Reached XP level 5. HP: 27/32 MP: 5/5
  2170 | D:3      | Found an ancient bone altar of Kikubaaqudgha.
  2170 | D:3      | Noticed a human
  2172 | D:3      | Killed a human
  2269 | D:3      | Found a deep blue altar of Sif Muna.
  2585 | D:4      | Noticed Blork the orc
  2602 | D:4      | Killed Blork the orc
  2602 | D:4      | Reached skill level 1 in Spellcasting
  2602 | D:4      | Reached skill level 1 in Evocations
  2602 | D:4      | Reached XP level 6. HP: 36/37 MP: 5/7
  3379 | D:4      | Got a crude whip
  3380 | D:4      | Identified the +6 whip "Attoaru" {antimagic, rC- rN+ Str+5
                  | Dex+2} (You found it on level 4 of the Dungeon)
  3500 | D:4      | Found a radiant altar of Vehumet.
  3543 | D:5      | Entered Level 5 of the Dungeon
  3586 | D:5      | Reached XP level 7. HP: 40/41 MP: 3/9
  4068 | D:5      | Reached skill level 4 in Fighting
  4170 | D:5      | Reached XP level 8. HP: 31/48 MP: 1/11
  4533 | D:5      | Noticed Grum
  4549 | D:5      | Killed Grum
  5013 | D:6      | Reached XP level 9. HP: 46/53 MP: 4/13
  5185 | D:6      | Found an iron altar of Okawaru.
  5434 | D:6      | Found a staircase to the Ecumenical Temple.
  5487 | Temple   | Entered the Ecumenical Temple
  5554 | D:6      | Reached skill level 5 in Fighting
  5637 | D:6      | Slain by an ogre

Skill      XL: |  1  2  3  4  5  6  7  8  9 |
---------------+----------------------------+-----
Stealth        | 1 2 3 4 |  4.9
Armour         | 1 2 3 4 |  4.3
Short Blades   | 3 4 |  4.6
Fighting       | 3 4 5 |  5.0
Throwing       | 2 3 |  3.8
Dodging        | 3 4 |  4.3
Spellcasting   | 1 2 3 |  3.2
Evocations     | 1 2 3 |  3.1

Action                   |  1- 3 |  4- 6 |  7- 9 || total
-------------------------+-------+-------+-------++-------
Melee: Rapier            |   109 |   151 |       ||   260
       Whip              |       |    27 |   262 ||   289
Throw: Throwing net      |     2 |     1 |     2 ||     5
Evoke: Wand              |       |     1 |       ||     1
  Use: Scroll            |     2 |    14 |     3 ||    19
       Potion            |       |       |     1 ||     1
 Stab: Held in net/web   |       |     1 |     1 ||     2
       Sleeping          |       |       |     2 ||     2
  Eat: Chunk             |     1 |     8 |     7 ||    16
Armor: Leather armour    |    13 |       |       ||    13
       Scale mail        |    31 |   114 |   164 ||   309
Dodge: Dodged            |    66 |   110 |   229 ||   405
       Deflected         |       |     5 |     6 ||    11
